 Dungeon Crawl Stone Soup version 0.30-a0-779-g7971cf19c3 (webtiles) character file.

Game seed: 13109208451854635167

2949 Firecrotchwizard the Cleaver (level 9, -29/83 HPs)
             Began as a Hill Orc Monk on Feb 18, 2023.
             Was a Priest of Beogh.
             Annihilated by an ogre
             ... wielding a +0 giant spiked club
              (30 damage)
             ... on level 7 of the Dungeon.
             The game lasted 00:17:01 (5723 turns).

Firecrotchwizard the Cleaver (Hill Orc Monk)        Turns: 5723, Time: 00:17:01

Health: -29/83     AC:  8    Str: 18    XL:     9   Next: 81%
Magic:  14/14      EV: 10    Int: 10    God:    Beogh [***...]
Gold:   363        SH:  0    Dex: 13    Spells: 8/8 levels left

rFire   . . .      SeeInvis .    n - +2 battleaxe
rCold   . . .      Faith    .    (shield currently unavailable)
rNeg    . . .      Spirit   .    E - +0 scale mail
rPois   .          Reflect  .    m - +0 helmet
rElec   .          Harm     .    (no cloak)
rCorr   .          Rampage  .    o - +0 pair of gloves
Will    .....                    (no boots) Stlth
                                 (no amulet)
HPRegen 0.33/turn                (no ring)
MPRegen 0.14/turn                (no ring)

@: lethally poisoned (-29 -> -56)
A: no striking features
a: Renounce Religion, Smiting


You were on level 7 of the Dungeon.
You worshipped Beogh.
Beogh was most pleased with you.
You visited 1 branch of the dungeon, and saw 7 of its levels.

You collected 363 gold pieces.

Inventory:

Hand Weapons
 a - a +0 hand axe
 g - a +0 war axe
   (You took it off an orc on level 6 of the Dungeon)
 n - a +2 battleaxe (weapon)
   (You took it off a wight on level 7 of the Dungeon)
 q - a +1 war axe
   (You took it off a wight on level 7 of the Dungeon)
 u - a +0 war axe
   (You took it off an orc on level 4 of the Dungeon)
 A - a +0 battleaxe
   (You took it off a wight on level 7 of the Dungeon)
Missiles
 s - 21 stones (quivered)
 x - 4 boomerangs
 F - 4 poisoned darts
Armour
 b - a +0 robe
 h - a +0 chain mail
   (You found it on level 2 of the Dungeon)
 k - a +0 ring mail
   (You found it on level 3 of the Dungeon)
 m - a +0 helmet (worn)
   (You found it on level 3 of the Dungeon)
 o - a +0 pair of gloves (worn)
   (You found it on level 3 of the Dungeon)
 E - a +0 scale mail (worn)
   (You found it on level 5 of the Dungeon)
Jewellery
 B - the ring "Tinioj" {Ice Str+7 Int-4 Dex+3}
   (You found it on level 5 of the Dungeon)

   [ring of ice]

   It enhances your ice magic.
   Str:       It affects your strength (+7).
   Int:       It affects your intelligence (-4).
   Dex:       It affects your dexterity (+3).
   rF:        It makes you vulnerable to fire.
   rC:        It protects you from cold.
 P - a ring of poison resistance {rPois, !d}
   (You found it on level 6 of the Dungeon)
 Z - a ring of wizardry {Wiz+, !d}
   (You found it on level 3 of the Dungeon)
Wands
 w - a wand of roots (9)
   (You took it off an orc on level 4 of the Dungeon)
 y - a wand of mindburst (8)
   (You found it on level 3 of the Dungeon)
Scrolls
 c - a scroll of amnesia {unknown}
 e - a scroll of butterflies
 f - 2 scrolls of immolation {unknown}
 i - 3 scrolls of identify {@r1}
 j - a scroll of acquirement {unknown}
 p - 2 scrolls of noise {!r}
 v - a scroll of vulnerability {unknown}
 C - 3 scrolls of teleportation {unknown}
 G - a scroll of fear {unknown}
 H - a scroll of poison {unknown}
 I - a scroll of torment {unknown}
Potions
 d - 2 potions of brilliance {unknown}
 l - a potion of berserk rage {unknown}
 r - 2 potions of mutation {unknown}
 t - a potion of flight {unknown}
 z - 3 potions of attraction {unknown}
 D - 2 potions of degeneration {unknown}
 J - 4 potions of curing {@q1}
 N - a potion of heal wounds {@q2}


   Skills:
 + Level 9.0 Fighting
 * Level 13.1 Axes
 - Level 2.4 Dodging
 - Level 1.5 Stealth
 + Level 7.5 Invocations


You had 8 spell levels left.
You didn't know any spells.
Your spell library was empty.

Dungeon Overview and Level Annotations

Branches:
Dungeon (7/15)             Temple (0/1) D:7

Altars:
Ashenzari
Cheibriados
Dithmenos
Kikubaaqudgha
Qazlal
Ru
Sif Muna
Vehumet
Wu Jian

Shops:
D:4 *   D:6 *


Message History

Beogh accepts your kill. Something hits your orc priest.
Your orc priest invokes the aid of Beogh against the orc wizard.
The orc wizard writhes in agony.
The orc wizard points at your orc priest and mumbles some strange words.
Your orc priest resists with some effort.
Your orc priest invokes the aid of Beogh against something.
Something barely misses your orc priest.
You swap places.
Your orc priest barely misses something.
Something barely misses your orc priest.
Your orc priest hits something with a +0 short sword.
Beogh accepts your kill.
You feel a bit more experienced.
You enter the shallow water.
Moving in this stuff is going to be slow.
There is a huge open gate here.
There is an open door here.
An orc comes into view. It is wielding a +0 flail.
There is an open door here.
The orc hits you with a +0 flail.
There is an open door here.
You take 1 damage, and have 81/82 hp.
You barely miss the orc. The orc hits you but does no damage.
Health restored: 82 You slice the orc!!
You kill the orc!
Beogh accepts your kill.
Things that are here:
a +0 short sword; an orc corpse
Things that are here:
a +0 dagger; a +0 robe; an orc corpse You swap places.
Things that are here:
a +0 short sword; an orc corpse
There is an open door here.
An orc warrior, a gnoll sergeant and an ogre come into view.
The orc warrior is wielding a +0 glaive and carrying a wand of roots (3).
The gnoll sergeant is wielding a +0 spear of venom.
The orc warrior shouts!
The gnoll sergeant shouts!
You hear a shout! x2
The gnoll sergeant moves out of view.
An ogre comes into view. It is wielding a +0 giant spiked club.
The ogre shouts!
The orc warrior hits you with a +0 glaive.
You take 2 damage, and have 80/82 hp.
You hit the orc warrior.
The orc warrior zaps a wand.
The roots erupt in riotous growth!
The grasping roots grab you! Roots grab your orc.
The orc warrior is unaffected.
The grasping roots constrict your orc. The grasping roots constrict you.
An orc wizard comes into view. It is wielding a +0 dagger.
You hear a shout! x7
You take 1 damage, and have 79/82 hp.
You hit the orc warrior.
The orc warrior hits you with a +0 glaive!!
The grasping roots constrict your orc.
Your orc dies!
The grasping roots constrict you! The gnoll sergeant barely misses you.
You take 29 damage, and have 50/82 hp.
MASSIVE DAMAGE!!
You slash the orc warrior!
The gnoll sergeant hits you from afar with a +0 spear of venom.
You are poisoned.
The orc warrior closely misses you. The grasping roots constrict you.
The grasping roots release their grip on you.
You take 8 damage, and have 42/82 hp.
You hit the orc warrior.
You feel very sick.
The orc wizard casts a spell.
The orc wizard flickers and vanishes!
Deactivating autopickup; reactivate with Ctrl-A.
The gnoll sergeant hits you but does no damage.
The orc warrior barely misses you.
You take 3 damage, and have 39/82 hp.
You barely miss the orc warrior. You hit the ogre.
You feel sick. The ogre barely misses you.
The gnoll sergeant hits you but does no damage.
You are more poisoned.
The orc warrior hits you with a +0 glaive.
You take 6 damage, and have 33/82 hp.
You slash the orc warrior!
You kill the orc warrior!
Beogh accepts your kill.
You barely miss the ogre.
You feel very sick.
The gnoll sergeant hits you from afar with a +0 spear of venom.
* * * LOW HITPOINT WARNING * * *
The ogre hits you with a +0 giant spiked club!
* * * LOW HITPOINT WARNING * * *
Your Fighting skill increases to level 9!
You take 23 damage, and have 10/83 hp.
MASSIVE DAMAGE!!
You barely miss the ogre. You slash the ogre!
* * * LOW HITPOINT WARNING * * *
You feel very sick.
The gnoll sergeant hits you from afar with a +0 spear of venom.
* * * LOW HITPOINT WARNING * * *
You are more poisoned.
The ogre hits you with a +0 giant spiked club!!
You die...

...~≈~~≈~~~~~≈~~~~≈~~)...
...≈≈≈≈≈≈≈≈≈≈≈≈≈~≈≈≈≈≈...
...~≈#####~~~~~~~~≈~~~...
...~≈#..)#...............
..P~ #.))#############'''
... ###'#...........#...
... #.'...........'...
#)#...........#...
#@################
#OOg...# #......#
#.###'## #.# ...'. #.#
..## #'# .'. ..# ###


You could see 2 ogres and a gnoll sergeant.

Vanquished Creatures
  Joseph (D:7)
  A water moccasin (D:7)
  A sky beast (D:6)
  2 orc warriors
  3 black bears
  6 ogres
  A centaur (D:6)
  A phantom (D:5)
  A gnoll sergeant (D:7)
  3 scorpions
  5 wights (D:7)
  A howler monkey (D:7)
  6 hounds
  5 orc priests
  A jelly (D:6)
  3 iguanas
  8 orc wizards
  9 adders
  3 gnolls (D:7)
  2 shadow imps
  A white imp (D:5)
  An ufetubus (D:6)
  2 worms
  2 dart slugs
  20 orcs
  3 endoplasms
  2 giant cockroaches
  A goblin (D:4)
  7 hobgoblins
  2 jackals (D:4)
  3 ball pythons
  A frilled lizard (D:2)
  A kobold (D:2)
  A rat (D:2)
110 creatures vanquished.

Vanquished Creatures (collateral kills)
  An orc wizard (D:7)
  A gnoll (D:7)
2 creatures vanquished.

Vanquished Creatures (others)
  An orc priest (D:7)
  An orc wizard (D:4)
  An orc (D:7)
3 creatures vanquished.

Grand Total: 115 creatures vanquished

Notes
Turn   | Place    | Note
-------+----------+-------------------------------------------
     0 | D:1      | Firecrotchwizard the Hill Orc Monk began the quest for the
                  | Orb.
     0 | D:1      | Reached XP level 1. HP: 19/19 MP: 1/1
   221 | D:2      | HP: 5/20 [worm (5)]
   224 | D:2      | Reached XP level 2. HP: 7/27 MP: 2/2
   355 | D:2      | Found a radiant altar of Vehumet.
   525 | D:3      | Found a faded altar of an unknown god.
   658 | D:3      | Reached skill level 4 in Fighting
   658 | D:3      | Reached skill level 5 in Axes
   669 | D:3      | Reached XP level 3. HP: 24/33 MP: 3/3
  1637 | D:4      | Noticed an ogre
  1641 | D:4      | Killed an ogre
  1642 | D:4      | Reached skill level 6 in Axes
  1642 | D:4      | Reached XP level 4. HP: 41/41 MP: 4/4
  1642 | D:4      | Reached XP level 5. HP: 47/47 MP: 5/5
  1651 | D:4      | Found Riganeuxza's General Store.
  1731 | D:4      | Reached skill level 5 in Fighting
  1737 | D:4      | Found an ancient bone altar of Kikubaaqudgha.
  1751 | D:4      | Reached skill level 7 in Axes
  1864 | D:4      | Identified the +1 ring mail of Odwymp {rN+++ Str+2 Stlth-}
  1899 | D:4      | Became a worshipper of Beogh the Brigand
  1899 | D:4      | Reached * piety under Beogh
  1899 | D:4      | Reached ** piety under Beogh
  1936 | D:4      | Found a sacrificial altar of Ru.
  1993 | D:4      | Found a stormy altar of Qazlal.
  1995 | D:4      | Noticed an air elemental
  2250 | D:4      | Noticed a water elemental
  2251 | D:4      | Noticed a fire elemental
  2310 | D:5      | Entered Level 5 of the Dungeon
  2310 | D:5      | Found a snail-covered altar of Cheibriados.
  2378 | D:5      | Found a shadowy altar of Dithmenos.
  2378 | D:5      | Noticed a phantom
  2390 | D:5      | Killed a phantom
  2391 | D:5      | Reached XP level 6. HP: 45/56 MP: 6/6
  2483 | D:5      | Identified the ring "Tinioj" {Ice Str+7 Int-4 Dex+3}
  2557 | D:5      | Reached skill level 8 in Axes
  2557 | D:5      | Reached skill level 1 in Invocations
  2679 | D:5      | Reached XP level 7. HP: 26/62 MP: 6/8
  2684 | D:5      | Reached skill level 2 in Invocations
  2712 | D:5      | Reached skill level 6 in Fighting
  2718 | D:5      | HP: 13/63 [white imp/puff of frost (8)]
  2721 | D:5      | Reached skill level 9 in Axes
  2721 | D:5      | Reached skill level 3 in Invocations
  3285 | D:5      | Found a broken altar of Ashenzari.
  3377 | D:6      | Reached XP level 8. HP: 37/71 MP: 10/10
  3501 | D:6      | Reached skill level 10 in Axes
  3501 | D:6      | Reached skill level 4 in Invocations
  3640 | D:5      | Reached skill level 7 in Fighting
  4073 | D:6      | Reached skill level 5 in Invocations
  4240 | D:6      | Found an ornate altar of the Wu Jian Council.
  4295 | D:6      | Found Utaim's Assorted Antiques.
  4471 | D:7      | Reached skill level 11 in Axes
  4669 | D:6      | Reached *** piety under Beogh
  4797 | D:7      | Reached XP level 9. HP: 68/81 MP: 13/13
  4834 | D:7      | Reached skill level 8 in Fighting
  4834 | D:7      | Reached skill level 6 in Invocations
  5012 | D:7      | Found a staircase to the Ecumenical Temple.
  5073 | D:7      | Noticed Joseph
  5081 | D:7      | Reached skill level 12 in Axes
  5083 | D:7      | HP: 18/81 [Joseph/+0 quarterstaff (6)]
  5084 | D:7      | HP: 2/81 [Joseph/+0 quarterstaff (11)]
  5095 | D:7      | Killed Joseph
  5095 | D:7      | HP: 16/81 [gnoll/+0 spear (6)]
  5199 | D:7      | Reached skill level 7 in Invocations
  5285 | D:7      | HP: 17/82 [poisoned by a water moccasin]
  5290 | D:7      | HP: 9/82 [poisoned by a water moccasin]
  5295 | D:7      | HP: 5/82 [poisoned by a water moccasin]
  5344 | D:7      | HP: 20/82 [orc/+0 hand axe (1)]
  5560 | D:7      | Reached skill level 13 in Axes
  5657 | D:7      | Found a shimmering blue altar of Sif Muna.
  5722 | D:7      | HP: 9/82 [ogre/+0 giant spiked club (14)]
  5723 | D:7      | Reached skill level 9 in Fighting
  5723 | D:7      | HP: 1/83 [gnoll sergeant/+0 spear of venom (5)]
  5723 | D:7      | Annihilated by an ogre

Illustrated notes

Levels and vault maps discovered:
D:1:      sevenhm_arrival_forest_fort_small_3, layout_basic,
          minmay_indecisive_spiral
D:2:      layout_rooms, serial_shops, shop, basic_altar, minmay_split_cup_large
D:3:      layout_basic, ebering_ecumenical_altar_petrified
D:4:      layout_loops_ring, kennysheep_mini_moat,
          nicolae_qazlal_style_of_elements, nicolae_ru_awakened_eye,
          serial_shops, nicolae_shop_crystal
D:5:      minmay_opposing_rooms, layout_gridville, grunt_dithmenos_shadows,
          mainiacjoe_overflow_paths, kennysheep_slug_shrine,
          hangedman_decor_growths
D:6:      layout_cave_pools, mainiacjoe_overflow_alcove_1, serial_shops,
          kennysheep_mini
D:7:      lemuel_castle_with_subvaults [lemuel_castle_interior_carwin_1],
          layout_cave_pods, nicolae_sif_muna_little_library,
          minmay_temple_entry_wispy, hangedman_decor_diamond_cutter,
          chequers_serial_rivers_micro_c, minivault_27, minmay_misc_feat_cross,
          uniq_pikel, uniq_crazy_yiuf_cottage, uniq_joseph, uniq_maggie

Skill      XL: |  1  2  3  4  5  6  7  8  9 |
---------------+----------------------------+-----
Fighting       | 4 5 6 7 9 |  9.0
Axes           | 5 6 7 8 9 11 13 | 13.1
Invocations    | 1 3 5 7 |  7.5
Dodging        | |  2.4
Stealth        | |  1.5

Action                     |  1- 3 |  4- 6 |  7- 9 || total
---------------------------+-------+-------+-------++-------
  Melee: Hand axe          |    83 |    30 |       ||   113
         Punch             |     1 |       |     1 ||     2
         War axe           |       |    69 |   149 ||   218
         Battleaxe         |       |       |    59 ||    59
 Invoke: Convert to Beogh  |       |     1 |       ||     1
         Smiting           |       |       |     4 ||     4
  Evoke: Wand              |     4 |       |       ||     4
    Use: Potion            |       |       |     4 ||     4
         Scroll            |       |       |     6 ||     6
   Stab: Sleeping          |       |     1 |       ||     1
 Armour: Robe              |     3 |       |       ||     3
         Chain mail        |    14 |       |       ||    14
         Ring mail         |    15 |    25 |       ||    40
         Scale mail        |       |    20 |   123 ||   143
  Dodge: Dodged            |    32 |    63 |   130 ||   225

Table legend: (Time is in decaauts)
 A = Elapsed time spent in this place.
 B = Non-inter-level travel time spent in this place.
 C = Inter-level travel time spent in this place.
 D = Time resting spent in this place.
 E = Time spent auto-exploring this place.
 F = Levels seen in this place.
 G = Mean time per level.
                   A        B        C        D        E       F      G
               +--------+--------+--------+--------+--------+-----+--------+
         Total |   5754 |   5673 |     81 |   1238 |   3379 |   7 |  822.0 |
       Dungeon |   5754 |   5673 |     81 |   1238 |   3379 |   7 |  822.0 |
               +--------+--------+--------+--------+--------+-----+--------+

Top non-repeatable levels by time:
     D:6: 1245 daAuts
     D:5: 1237 daAuts
     D:3: 1141 daAuts
     D:7: 953 daAuts
     D:4: 695 daAuts
     D:2: 318 daAuts
     D:1: 163 daAuts

Table legend:
 A = Kills in this place as a percentage of kills in entire the game.
 B = Kills by you in this place as a percentage of kills by you in the entire game.
 C = Kills by friends in this place as a percentage of kills by friends in the entire game.
 D = Other kills in this place as a percentage of other kills in the entire game.
 E = Experience gained in this place as a percentage of experience gained in the entire game.
 F = Experience gained in this place divided by the number of levels of this place that you have seen.
                   A       B       C       D       E      F
               +-------+-------+-------+-------+-------+----------------------
         Total | 100.0 | 100.0 | 100.0 |   N/A | 100.0 | 602.0
       Dungeon | 100.0 | 100.0 | 100.0 |   N/A | 100.0 | 602.0
               +-------+-------+-------+-------+-------+----------------------
